 Dungeon Crawl Stone Soup version 0.29-a0-344-ge2f44be95a (webtiles) character file.

Game seed: 17476755487508088458

102 zishaf the Gusty (level 4, 0/27 HPs)
             Began as a Tengu Air Elementalist on Apr 21, 2022.
             Killed by nerve-wracking pain
             ... invoked by an orc priest
              (1 damage)
             ... on level 3 of the Dungeon.
             The game lasted 00:03:26 (2492 turns).

zishaf the Gusty (Tengu Air Elementalist)           Turns: 2492, Time: 00:03:27

Health: 0/27       AC:  2    Str: 15    XL:     4   Next: 78%
Magic:  5/8        EV: 12    Int: 25    God:
Gold:   116        SH:  0    Dex: 14    Spells: 4/7 levels left

rFire   . . .      SeeInvis +   g - +0 dagger (drain)
rCold   . . .      Faith    .   (no shield)
rNeg    . . .      Spirit   .   a - +0 robe
rPois   .          Reflect  .   (helmet restricted)
rElec   +          Harm     .   (no cloak)
rCorr   .          Rampage  .   (no gloves)
Will    .....                   (boots unavailable)
Stlth   +.........              (no amulet)
HPRegen 0.09/turn               j - ring "Buig" {*Slow rElec Str+6 Int+8 Stlth-}
MPRegen 0.11/turn               n - ring of see invisible

@: no status effects
A: beak, talons 3
a: no special abilities


You were on level 3 of the Dungeon.
You visited 1 branch of the dungeon, and saw 3 of its levels.

You collected 116 gold pieces.

Inventory:

Hand Weapons
 d - a +0 spear
 e - a +0 short sword
 g - a +0 dagger of draining (weapon)
Armour
 a - a +0 robe (worn)
 q - a +0 tower shield
Jewellery
 j - the ring "Buig" (left hand) {*Slow rElec Str+6 Int+8 Stlth-}
   (You found it on level 2 of the Dungeon)

   [ring of strength]

   Str:       It affects your strength (+6).
   Int:       It affects your intelligence (+8).
   rElec:     It insulates you from electricity.
   *Slow:     It may slow you when you take damage.
   Stlth:     It makes you less stealthy.
 n - a ring of see invisible (right hand)
Scrolls
 f - 4 scrolls of teleportation {unknown}
 h - a scroll of enchant armour {unknown}
 i - a scroll of summoning {unknown}
 l - a scroll of magic mapping {unknown}
 r - a scroll of fog {unknown}
 t - a scroll of blinking {unknown}
Potions
 b - a potion of magic
 c - a potion of attraction {unknown}
 k - 2 potions of mutation {unknown}
 m - a potion of might {unknown}
 o - a potion of curing {unknown}
 p - a potion of berserk rage {unknown}
 s - a potion of degeneration {unknown}


   Skills:
 + Level 2.8 Fighting
 - Level 2.1 Dodging
 - Level 2.0 Stealth
 - Level 2.0 Spellcasting
 - Level 1.3 Conjurations
 + Level 5.7 Air Magic


You had 4 spell levels left.
You knew the following spells:

 Your Spells              Type           Power      Damage    Failure   Level
a - Shock                 Conj/Air       80%        1d8       2%          1
b - Static Discharge      Conj/Air       20%        N/A       4%          2

Your spell library contained the following spells:

 Spells                   Type           Power      Damage    Failure   Level
 Swiftness                Air            31%        N/A       3%          3
 Beastly Appendage        Tmut           4%         N/A       11%         1
 Airstrike                Air            15%        N/A       11%         4
 Wereblood                Tmut           2%         N/A       17%         2
 Spider Form              Tmut/Pois      2%         N/A       32%         3


Dungeon Overview and Level Annotations

Branches:
Dungeon (3/15)

Altars:


Innate Abilities, Weirdness & Mutations

You have a beak for a mouth.
You have claws for feet.


Message History

Casting: Shock (safe; 2% risk of failure)
Confirm with . or Enter, or press ? or * to list all spells.
Aiming: Shock (safe; 2% risk of failure)
Press: ? - help, Shift-Dir - straight line The zap hits the orc!
You kill the orc!
The zap misses the orc.
The orc priest casts a cantrip, but nothing happens.
An orc priest comes into view. It is wielding a +0 club.
You hit the orc.
You kill the orc!
The orc priest looks encouraged for a moment.
An orc wizard comes into view. It is wielding a +0 glaive.
The orc wizard shouts!
You hear a shout!
The orc priest calls down the wrath of Beogh upon you.
Beogh smites you!
The orc priest calls down the wrath of Beogh upon you.
Pain shoots through your body!
An orc comes into view. It is wielding a +0 dagger.
The orc shouts!
The orc wizard barely misses you. The orc priest hits you with a +0 club.
* * * LOW HITPOINT WARNING * * *
You hit the orc priest. You claw the orc priest.
You peck the orc priest, but do no damage.
You punch the orc priest.
The orc priest is severely wounded.
The orc wizard barely misses you. The orc priest hits you with a +0 club.
* * * LOW HITPOINT WARNING * * *
You hit the orc priest but do no damage.
Your kick misses the orc priest.
The orc priest is severely wounded.
The orc wizard closely misses you.
The orc priest casts a cantrip, but nothing happens.
You hit the orc priest. Your peck misses the orc priest.
The orc priest is almost dead.
The orc wizard hits you from afar with a +0 glaive.
* * * LOW HITPOINT WARNING * * *
The orc priest invokes the aid of Beogh against you.
Pain shoots through your body!
You die...

####... .<..... ..
#.... #### #.
#..†. ... #.##
#.... ..### #..#
##.#..
.o.######.###.....
#o.....#........).
## #@#
#.#..........
#...##.##
#............
...o..o).#
##...###.##.)
########.##
##..###.##.. #..#
#..##..#...
#..#####....##...
#..##..........##
#....†##...###.##
#........#...#.##


You could see 2 orc priests and an orc wizard.

Vanquished Creatures
  5 adders
  2 dart slugs (D:2)
  3 orcs (D:3)
  5 ball pythons
  2 endoplasms (D:1)
  2 giant cockroaches
  6 goblins
  6 hobgoblins
  3 jackals (D:2)
  4 kobolds
  2 quokkas (D:1)
  3 bats
  A frilled lizard (D:1)
  3 rats
47 creatures vanquished.

Notes
Turn   | Place    | Note
-------+----------+-------------------------------------------
     0 | D:1      | zishaf the Tengu Air Elementalist began the quest for the
                  | Orb.
     0 | D:1      | Reached XP level 1. HP: 10/10 MP: 4/4
   114 | D:1      | Found a faded altar of an unknown god.
   281 | D:1      | Reached skill level 1 in Fighting
   281 | D:1      | Reached XP level 2. HP: 16/16 MP: 4/6
   313 | D:1      | Learned a level 2 spell: Static Discharge
   875 | D:1      | Reached XP level 3. HP: 16/20 MP: 5/7
  1316 | D:2      | Reached skill level 5 in Air Magic
  1538 | D:2      | Identified the ring "Buig" {*Slow rElec Str+6 Int+8 Stlth-}
  1807 | D:2      | Reached XP level 4. HP: 27/27 MP: 5/8
  2492 | D:3      | HP: 1/27 [orc wizard/+0 glaive (2)]
  2492 | D:3      | Killed from afar by an orc priest

Illustrated notes

Levels and vault maps discovered:
D:1:      nicolae_arrival_somewhat_less_tricky_arrival, layout_basic,
          shapermc_ecumenical_altar_starsandcircs
D:2:      layout_loops_ring, nicolae_figureground_sparkle
D:3:      layout_rooms, lemuel_tele_altar

Skill      XL: |  1  2  3 |
---------------+----------+-----
Fighting       | 1 2 |  2.8
Air Magic      | 5 |  5.7
Dodging        | |  2.1
Stealth        | |  2.0
Spellcasting   | |  2.0
Conjurations   | |  1.3

Action                   |  1- 3 |  4- 6 || total
-------------------------+-------+-------++-------
Melee: Spear             |     4 |       ||     4
       Peck              |     5 |     2 ||     7
       Short sword       |     3 |       ||     3
       Dagger            |    25 |    13 ||    38
       Kick              |     9 |     1 ||    10
       Punch             |       |     1 ||     1
 Cast: Shock             |    42 |    22 ||    64
Armor: Robe              |     4 |     1 ||     5
Dodge: Dodged            |    21 |    12 ||    33

Table legend: (Time is in decaauts)
 A = Elapsed time spent in this place.
 B = Non-inter-level travel time spent in this place.
 C = Inter-level travel time spent in this place.
 D = Time resting spent in this place.
 E = Time spent auto-exploring this place.
 F = Levels seen in this place.
 G = Mean time per level.
                   A        B        C        D        E       F      G
               +--------+--------+--------+--------+--------+-----+--------+
         Total |   2489 |   2444 |     45 |     87 |   2052 |   3 |  829.7 |
       Dungeon |   2489 |   2444 |     45 |     87 |   2052 |   3 |  829.7 |
               +--------+--------+--------+--------+--------+-----+--------+

Top non-repeatable levels by time:
     D:1: 1152 daAuts
     D:2: 1034 daAuts
     D:3: 301 daAuts
